 Dungeon Crawl Stone Soup version 0.23.1 (console) character file.

Game seed: 3616313426440340505

39 fly the Firebug (level 3, -7/31 HPs)
             Began as an Ogre Fire Elementalist on Mar 13, 2019.
             Mangled by Sigmund
             ... wielding a +0 scythe
              (8 damage)
             ... on level 2 of the Dungeon.
             The game lasted 00:01:53 (1481 turns).

fly the Firebug (Ogre Fire Elementalist)            Turns: 1481, Time: 00:01:54

Health: -7/31      AC:  3    Str: 12    XL:     3   Next: 45%
Magic:  3/7        EV: 10    Int: 16    God:
Gold:   33         SH:  0    Dex: 12    Spells: 1/8 levels left

rFire    . . .     SeeInvis .   (no weapon)
rCold    . . .     Gourm    .   (no shield)
rNeg     . . .     Faith    .   y - +0 robe
rPois    .         Spirit   .   (helmet restricted)
rElec    .         Reflect  .   (no cloak)
rCorr    .         Harm     .   (gloves unavailable)
MR       .....                  (boots unavailable)
Stlth    ++........             (no amulet)
HPRegen  0.10/turn              m - +2 ring of dexterity
MPRegen  0.10/turn              (no ring)

@: no status effects
A: large, unfitting armour, tough skin 1
a: no special abilities


You were on level 2 of the Dungeon.
You were not hungry.

You visited 1 branch of the dungeon, and saw 2 of its levels.

You collected 33 gold pieces.

Inventory:

Armour
 y - a +0 robe (worn)
Jewellery
 m - a +2 ring of dexterity (left hand)
Wands
 k - a wand of clouds (4)
Scrolls
 a - a scroll of magic mapping {unknown}
 b - 2 scrolls of teleportation {unknown}
 e - a scroll of identify {unknown}
 f - a scroll of fear {unknown}
 h - a scroll of enchant weapon {unknown}
 j - a scroll of amnesia {unknown}
Potions
 d - a potion of cancellation {unknown}
 g - a potion of invisibility {unknown}
 i - a potion of agility {unknown}
Comestibles
 c - 5 rations
 l - a chunk of flesh


   Skills:
 + Level 2.3 Dodging
 - Level 1.4 Stealth
 - Level 3.0 Spellcasting
 + Level 1.6 Conjurations
 - Level 3.0 Fire Magic


You had one spell level left.
You knew the following spells:

 Your Spells              Type           Power        Failure   Level  Hunger
c - Conjure Flame         Conj/Fire      #.......     22%         3    ###....
n - Inner Flame           Hex/Fire       #.......     30%         3    ###....
z - Flame Tongue          Conj/Fire      #....        7%          1    #......

Your spell library contained the following spells:

 Spells                   Type           Power        Failure   Level  Hunger
 Throw Flame              Conj/Fire      #.....       11%         2    ##.....
 Sticky Flame             Conj/Fire      #.......     56%         4    #####..
 Fireball                 Conj/Fire      #.........   89%         5    ######.


Dungeon Overview and Level Annotations

Branches:
Dungeon (2/15)

Altars:
Fedhas
Kikubaaqudgha

Annotations:
D:2 1 runed translucent door, Crazy Yiuf, Sigmund


Innate Abilities, Weirdness & Mutations

You are too large for most types of armour.
You have tough skin. (AC +1)


Message History

The flame tongue hits Sigmund.
Sigmund resists.
Sigmund is moderately wounded.
Casting: Flame Tongue (safe; 7% risk of failure)
Confirm with . or Enter, or press ? or * to list all spells.
Aiming: Flame Tongue (safe; 7% risk of failure)
Press: ? - help, Shift-Dir - straight line, f/p - Sigmund
Aim: Sigmund, wielding a +0 scythe and wearing a +2 robe of fire resistance (moderately wounded)
The flame tongue hits Sigmund.
Sigmund resists.
Sigmund is moderately wounded.
Sigmund hits you from afar with a +0 scythe!
* * * LOW HITPOINT WARNING * * *
Okay, then.
Evoke which item? (* to show all) (? for menu, Esc to quit)
Aiming: Cloud Cone
Press: ? - help, Dir - move target cursor, f/p - Sigmund
Aim: Sigmund, wielding a +0 scythe and wearing a +2 robe of fire resistance (moderately wounded)
You create a blast of freezing vapour!
Sigmund is engulfed in freezing vapours.
Sigmund hits you from afar with a +0 scythe!
You die...

#..# .# #..### .####
#..#.. .... .. #..#.#
..#.... #..#.# ##.........
#..#.# #.# .(.. #.÷#.# #.#
....
##..#.######§###.##...####
#.#......@§@§§...##)#....#
##..#.########.###..#..#.#
##.#.#### #.. #.##...#
#......# #######.......
###.##.# #..)..........
#.##.# #.#########.#.
#.##.# #.# #†# #.##.####.#
#.# #.##......# #.#


You could see Sigmund.

Vanquished Creatures
  An adder (D:2)
  An ooze (D:1)
  A worm (D:2)
  5 bats
  2 goblins
  5 hobgoblins
  4 frilled lizards
  2 kobolds (D:2)
  3 rats (D:2)
24 creatures vanquished.

Notes
Turn   | Place    | Note
-------+----------+-------------------------------------------
     0 | D:1      | fly the Ogre Fire Elementalist began the quest for the Orb.
     0 | D:1      | Reached XP level 1. HP: 16/16 MP: 3/3
   210 | D:1      | Reached skill level 1 in Conjurations
   387 | D:1      | Reached XP level 2. HP: 15/24 MP: 0/5
   923 | D:2      | Reached XP level 3. HP: 18/31 MP: 0/7
  1079 | D:2      | Found a runed translucent door.
  1080 | D:2      | Noticed Crazy Yiuf
  1170 | D:2      | Found a blossoming altar of Fedhas.
  1172 | D:2      | Found an ancient bone altar of Kikubaaqudgha.
  1296 | D:2      | Noticed Sigmund
  1369 | D:2      | Learned a level 3 spell: Conjure Flame
  1373 | D:2      | Learned a level 3 spell: Inner Flame
  1480 | D:2      | HP: 1/31 [Sigmund/+0 scythe (9)]
  1481 | D:2      | Mangled by Sigmund

Skill      XL: |  1  2  3 |
---------------+----------+-----
Conjurations   | 1 |  1.6
Dodging        | 2 |  2.3
Fire Magic     | 3 |  3.0
Spellcasting   | 3 |  3.0
Stealth        | |  1.4

Action                   || total
-------------------------++-------
Melee: Unarmed           ||     1
 Cast: Flame Tongue      ||    50
Evoke: Wand              ||     1
  Eat: Chunk             ||     2
Armor: Robe              ||     6
Dodge: Dodged            ||    11
